 Dungeon Crawl Stone Soup version 0.30.0-17-ge0270778cf (webtiles) character file.

Game seed: 11114170117558868173

356 NateTC the Trooper (level 6, -3/44 HPs)
             Began as a Gargoyle Fighter on May 21, 2023.
             Slain by an ogre
             ... wielding a +0 giant club
              (8 damage)
             ... on level 4 of the Dungeon.
             The game lasted 00:02:46 (3088 turns).

NateTC the Trooper (Gargoyle Fighter)               Turns: 3088, Time: 00:02:47

Health: -3/44      AC: 19    Str: 22    XL:     6   Next: 63%
Magic:  6/6        EV:  9    Int:  8    God:
Gold:   211        SH:  4    Dex:  9    Spells: 5/5 levels left

rFire   . . .        a - +1 flail
rCold   . . .        c - +0 buckler
rNeg    + . .        b - +0 scale mail
rPois   ∞            i - +2 helmet
rElec   +            (no cloak)
rCorr   .            (no gloves)
SInv    .            n - +0 pair of boots
Will    .....        (no amulet) Stlth
                     h - +4 ring of protection
HPRegen 0.27/turn    (no ring)
MPRegen 0.10/turn

%: no passive effects
@: no status effects
A: sickness immunity, AC +4, negative energy resistance 1, electricity
resistance, torment resistance 1, petrification resistance
a: no special abilities


You were on level 4 of the Dungeon.
You visited 1 branch of the dungeon, and saw 4 of its levels.

You collected 211 gold pieces.

Inventory:

Hand Weapons
 a - a +1 flail (weapon)
Armour
 b - a +0 scale mail (worn)
 c - a +0 buckler (worn)
 i - a +2 helmet (worn)
 n - a +0 pair of boots (worn)
Jewellery
 h - a +4 ring of protection (left hand)
Scrolls
 o - 2 scrolls of identify
Potions
 d - a potion of might
 f - 2 potions of mutation {unknown}
 g - a potion of berserk rage {unknown}
 j - a potion of degeneration {unknown}
 k - 3 potions of attraction {unknown}
 l - a potion of haste {unknown}
 m - a potion of flight {unknown}


   Skills:
 - Level 7.5 Fighting
 + Level 3.1 Maces & Flails
 - Level 3.2 Armour
 - Level 3.2 Shields


You had 5 spell levels left.
You didn't know any spells.
Your spell library was empty.

Dungeon Overview and Level Annotations

Branches:
Dungeon (4/15) Zot: 20836
 Temple: D:4-7

Altars:
Ru


Innate Abilities, Weirdness & Mutations

You are immune to sickness and miasma.
Your stone body is resilient. (AC +4)
You are immune to poison.
You resist negative energy. (rN+)
You are resistant to electric shocks. (rElec)
You are resistant to unholy torment.
You are immune to petrification.


Message History

The hobgoblin shouts!
A hobgoblin is nearby!
You sock the hobgoblin!
You kill the hobgoblin!
An ogre comes into view. It is wielding a +0 giant club.
The ogre shouts!
An ogre is nearby!
An ogre is nearby!
You barely miss the ogre.
The ogre hits you with a +0 giant club!!
The orc priest shouts!
There are monsters nearby!
You hit the ogre.
The ogre is lightly wounded.
The orc priest invokes the aid of Beogh against you.
Beogh smites you! You block the ogre's attack.
There are monsters nearby!
You are too injured to fight recklessly!
There are monsters nearby!
You are too injured to fight recklessly!
You sock the ogre!
The ogre is heavily wounded.
The ogre closely misses you.
Okay, then.
You feel better. The orc priest barely misses you.
The ogre hits you with a +0 giant club!
* * * LOW HITPOINT WARNING * * *
You feel better. The orc priest barely misses you.
You sock the orc priest!
You kill the orc priest!
The ogre hits you with a +0 giant club!
* * * LOW HITPOINT WARNING * * *
Your Maces & Flails skill increases to level 3!
You thump the ogre!
The ogre is almost dead.
The ogre closely misses you.
You barely miss the ogre.
The ogre is almost dead.
The ogre hits you with a +0 giant club!
You die...

#.#########.#.....#.###.#.....#.
#.>.........##...###)..###...###
##.########.#.###.#..)..#.###.#.
#.# ##...#...#...#...#...# #.#
#...#...#####...#.. # #.# #.†.#
..#...#...# ^.# ##)####
##.###.#.....#.###.#. #.....#
##..)###...###...### #.....#
##..@O.#.###.#.....#. #.....#
#.#...#...#...#...#.. #.....#
#.##### ..#...##### . #.....#
#.#...#...#...#...#.. #.....#
##.....#.###.#.[...#. #.....#
##...###...###...### ##.####
##.###.#.....#.###.#. #.#
#...#...#...#...# ..# ###.###
#...#...#####...#...#


You could see an ogre.

Vanquished Creatures
  A phantom (D:4)
  Blork the orc (D:4)
  2 orc priests (D:4)
  An iguana (D:4)
  5 adders
  2 ufetubi (D:4)
  A worm (D:2)
  4 dart slugs
  2 orcs
  6 ball pythons
  4 bats (D:2)
  4 endoplasms
  A giant cockroach (D:2)
  5 goblins
  5 hobgoblins
  7 jackals
  3 quokkas
  3 frilled lizards
  9 kobolds
  6 rats
72 creatures vanquished.

Notes
Turn   | Place    | Note
-------+----------+-------------------------------------------
     0 | D:1      | NateTC the Gargoyle Fighter began the quest for the Orb.
     0 | D:1      | Reached XP level 1. HP: 14/14 MP: 1/1
   219 | D:1      | Reached XP level 2. HP: 20/20 MP: 2/2
   222 | D:1      | Reached skill level 4 in Fighting
   726 | D:1      | Reached XP level 3. HP: 23/24 MP: 3/3
  1104 | D:2      | Reached skill level 5 in Fighting
  1185 | D:2      | Found a sacrificial altar of Ru.
  1394 | D:2      | Reached XP level 4. HP: 27/31 MP: 4/4
  2518 | D:3      | Reached skill level 6 in Fighting
  2749 | D:4      | Reached XP level 5. HP: 36/36 MP: 5/5
  2798 | D:4      | Noticed a phantom
  2805 | D:4      | Killed a phantom
  2806 | D:4      | Reached skill level 7 in Fighting
  2900 | D:4      | Reached XP level 6. HP: 44/44 MP: 6/6
  2968 | D:4      | Noticed Blork the orc
  2981 | D:4      | Killed Blork the orc
  3088 | D:4      | Slain by an ogre

Illustrated notes

Levels and vault maps discovered:
D:1:      elethiomel_arrival_infinity_welcomes_careful_drivers,
          layout_loops_ring, minmay_pentomino_t4
D:2:      layout_loops_corners, basic_altar
D:3:      layout_basic, grunt_ministairs_2, chequers_serial_rivers_micro_e,
          amcnicky_mini_pool_small
D:4:      nicolae_cairo_tiling, layout_basic, lightli_minifort,
          uniq_blork_the_orc

Skill      XL: |  1  2  3  4  5  6 |
---------------+-------------------+-----
Fighting       | 4 5 6 7 |  7.5
Maces & Flails | 3 |  3.1
Armour         | |  3.2
Shields        | |  3.2

Action                     |  1- 3 |  4- 6 || total
---------------------------+-------+-------++-------
  Melee: Flail             |   105 |   123 ||   228
    Use: Scroll            |     2 |     4 ||     6
         Potion            |       |     2 ||     2
 Armour: Scale mail        |    56 |    79 ||   135
  Dodge: Dodged            |    46 |    71 ||   117
  Block: Buckler           |    19 |    24 ||    43
